 Dungeon Crawl Stone Soup version 0.27.1-37-g7b29ead8ac (console) character file.

Game seed: 1217134713147173324

241 grimtooth the Gusty (level 5, -1/42 HPs)
             Began as a Deep Elf Air Elementalist on July 30, 2023.
             Slain by a gnoll shaman (2 damage)
             ... on level 4 of the Dungeon.
             The game lasted 00:16:25 (4194 turns).

grimtooth the Gusty (Deep Elf Air Elementalist)     Turns: 4194, Time: 00:16:26

Health: -1/42      AC: 22    Str:  3 (5)  XL:     5   Next: 80%
Magic:  4/11       EV:  2    Int: 18 (21) God:
Gold:   141        SH:  5    Dex: 13 (15) Spells: 4/10 levels left

rFire    + . .     SeeInvis .   l - +0 dagger
rCold    . . .     Faith    .   (no shield)
rNeg     + + +     Spirit   .   (armour currently unavailable)
rPois    +         Reflect  +   (helmet currently unavailable)
rElec    .         Harm     .   (cloak currently unavailable)
rCorr    .         Rampage  .   (gloves currently unavailable)
Will     .....     NoTele   +   (boots currently unavailable)
Stlth    ++........             o - amulet of reflection
HPRegen  0.14/turn              m - ring of positive energy
MPRegen  0.12/turn              w - ring of protection from fire

@: swift, tree-form, very quick
A: stationary, stasis, torment immunity, boosted hp
a: no special abilities


You were on level 4 of the Dungeon.
You were a tree.
You visited 1 branch of the dungeon, and saw 4 of its levels.

You collected 141 gold pieces.

Inventory:

Hand Weapons
 l - a +0 dagger (weapon)
Missiles
 b - 33 poisoned darts (quivered)
 d - 72 stones
 f - 25 sling bullets
 j - 2 atropa-tipped darts
 s - 3 boomerangs
 t - 8 javelins
Armour
 a - a +0 robe (melded)
 i - a +0 helmet (melded)
 k - a +3 ring mail
 n - a +0 cloak (melded)
 r - a +0 buckler
Jewellery
 m - a ring of positive energy (left branch)
 o - an amulet of reflection (around neck)
 w - a ring of protection from fire (right branch)
Scrolls
 e - a scroll of identify {@r4}
 g - a scroll of amnesia
 q - a scroll of blinking {unknown}
 v - a scroll of noise {unknown}


   Skills:
 - Level 2.4 Dodging
 - Level 2.4 Stealth
 - Level 3.0 Spellcasting
 + Level 3.6 Conjurations
 * Level 5.7 Air Magic


You had 4 spell levels left.
You knew the following spells:

 Your Spells              Type           Power      Damage    Failure   Level
a - Shock                 Conj/Air       76%        1d7       2%          1
b - Static Discharge      Conj/Air       19%        N/A       3%          2
s - Swiftness             Air            23%        N/A       4%          3

Your spell library contained the following spells:

 Spells                   Type           Power      Damage    Failure   Level
 Airstrike                Air            11%        N/A       16%         4
 Portal Projectile        Hex/Tloc       4%         N/A       43%         3
 Blade Hands              Tmut           1%         N/A       99%         5
 Excruciating Wounds      Necr           1%         N/A       99%         5


Dungeon Overview and Level Annotations

Branches:
Dungeon (4/15)
 Temple: D:4-7

Altars:

Shops:
D:1 (   D:3 ([:(

Annotations:
D:2 1 runed translucent door, Crazy Yiuf
D:3 Sigmund
D:4 exclusion: ogre


Message History

You feel sick.
It was a potion of degeneration.
There was something very wrong with that liquid.
You feel weakened.
You feel dopey.
You feel clumsy.
* * * LOW HITPOINT WARNING * * *
You feel sick.
It was a potion of flight.
Your roots keep you in place.
* * * LOW HITPOINT WARNING * * *
You feel sick. The gnoll hits you but does no damage.
You block the gnoll shaman's attack. The gnoll hits you but does no damage.
Enter note: - fucking hell
As you read the scroll labelled RULORH REWAOTZ, it crumbles to dust.
You assume a fearsome visage.
The gnoll shaman resists with some effort.
The gnoll looks frightened! x2; It was a scroll of fear.
You are no longer glowing.
* * * LOW HITPOINT WARNING * * *
You feel sick. The gnoll shaman barely misses you.
Press: ? - help, v - describe, . - travel
Here: a gnoll shaman, wielding a +0 whip and wearing a +0 leather armour (heavily wounded)
The floor.
You aren't carrying any potions.
You hit the gnoll shaman but do no damage.
The gnoll shaman is heavily wounded.
* * * LOW HITPOINT WARNING * * *
You feel sick.
The gnoll shaman hits you but does no damage.
You hit the gnoll shaman.
The gnoll shaman is heavily wounded.
* * * LOW HITPOINT WARNING * * *
You feel sick.
You are no longer poisoned.
The gnoll shaman hits you with a +0 whip.
You die...

#..# ##......##........####
#.###..................#
##..........##..........##
##..##.....####.........#.#
#..#####..#####.........###
..## ##...............####
..## ##.>................#
#..# #..#####..........###
##.## #.## #.........##
##.####.# ##........#
#......# ##♣.......#
##.....## #.g.......#
##...##..## ##.........##
##.....#...###..#........#
#>.......g....g##......###
...##...#####gg.......##
##.)##.## ##.###...###
##....## #..# ###.#
#..##.### #.## #.#
#.####..# ##.# #.# .## ####
#..# ##


You could see a gnoll shaman and 3 gnolls.

Vanquished Creatures
  An ogre (D:4)
  2 hounds
  4 adders (D:3)
  A gnoll (D:1)
  2 worms
  3 endoplasms
  A giant cockroach (D:3)
  4 goblins
  3 hobgoblins
  2 quokkas (D:3)
  8 ball pythons
  5 bats (D:1)
  8 frilled lizards
  7 kobolds
  A quokka skeleton (D:2)
  6 rats
58 creatures vanquished.

Notes
Turn   | Place    | Note
-------+----------+-------------------------------------------
     0 | D:1      | grimtooth the Deep Elf Air Elementalist began the quest for
                  | the Orb.
     0 | D:1      | Reached XP level 1. HP: 10/10 MP: 6/6
   498 | D:1      | Reached XP level 2. HP: 15/15 MP: 4/8
   811 | D:1      | Found Mittueri's Antique Weapon Shop.
   917 | D:1      | Learned a level 2 spell: Static Discharge
  1027 | D:2      | Noticed a black bear
  1779 | D:2      | Reached XP level 3. HP: 19/19 MP: 7/9
  1872 | D:2      | Found a runed translucent door.
  1873 | D:2      | Noticed Crazy Yiuf
  1954 | D:2      | Found a faded altar of an unknown god.
  2002 | D:1      | Reached skill level 4 in Air Magic
  2406 | D:3      | Noticed Sigmund
  2723 | D:3      | Found Riennyet's Book Emporium.
  2736 | D:3      | Learned a level 3 spell: Swiftness
  2919 | D:3      | Reached XP level 4. HP: 20/24 MP: 2/10
  3005 | D:3      | Found Kikheq's Antique Weapon Shoppe.
  3237 | D:3      | Found Hepsiv Raps's Armour Emporium.
  3251 | D:3      | Found Uthrilex's Antique Weapon Shoppe.
  3724 | D:4      | Reached skill level 5 in Air Magic
  3724 | D:4      | Reached XP level 5. HP: 27/28 MP: 2/11
  3942 | D:4      | Noticed an ogre
  3960 | D:4      | Noticed an ogre
  3979 | D:4      | Killed an ogre
  4183 | D:4      | - hasted venom halberd... jerk
  4192 | D:4      | - fucking hell
  4193 | D:4      | HP: 2/42 [poisoned by a gnoll]
  4194 | D:4      | Slain by a gnoll shaman

Illustrated notes ##..##.....####.........#.# ###..#####..#####.........### ##..## ##...............#### ....## ##.>................# ###..# #..#####..........### # ##.## #.## #.........## ##.####.# ##........# #......# ##........# ##.....## #.........# ##...##..## ##.........## ####.....#...###@.#........# (.#>.....g...gg..##......### #g...##...#####.........## ####.)##.## ##.###...### # ##....## #..# ###.# # #..##.### #.## #.# ###.####..# ##.# #.# ##.## #### #..# ## ##.# #### #.## ### Turn 4183 on D:4: - hasted venom halberd... jerk

#..# ##......##........####
#.###..................#
##..........##..........##
##..##.....####.........#.#
#..#####..#####.........###
..## ##...............####
..## ##.>................#
#..# #..#####..........###
##.## #.## #.........##
##.####.# ##........#
#......# ##♣.......#
##.....## #.g.......#
##...##..## ##g........##
##.....#...###g.#........#
#>.......g.....##......###
...##...#####.........##
##.)##.## ##.###...###
##....## #..# ###.#
#..##.### #.## #.#
#.####..# ##.# #.# .## ####
#..# ##


Turn 4192 on D:4: - fucking hell

Levels and vault maps discovered:
D:1:      tarquinn_simple_flora_water_e, layout_rooms, serial_shops,
          shop_fountains, minmay_ruptured
D:2:      layout_loops_corners, shapermc_ecumenical_altar_starsandcircs,
          uniq_crazy_yiuf_cottage
D:3:      layout_loops_ring, serial_shops, shop, shop, nicolae_shop_crystal,
          shop, st_stairs_7, uniq_sigmund
D:4:      layout_layer_cave, minmay_temple_entry_hall, skrybe_limestone_x,
          uniq_pikel

Skill      XL: |  1  2  3  4 |
---------------+-------------+-----
Conjurations   | 2 3 |  3.6
Air Magic      | 4 5 |  5.7
Dodging        | |  2.4
Stealth        | |  2.4
Spellcasting   | |  3.0

Action                   |  1- 3 |  4- 6 || total
-------------------------+-------+-------++-------
Melee: Unarmed           |     1 |       ||     1
       Dagger            |       |     2 ||     2
Throw: Dart              |    22 |     6 ||    28
 Cast: Shock             |    97 |    32 ||   129
       Static Discharge  |     3 |     3 ||     6
       Swiftness         |       |     1 ||     1
  Use: Potion            |       |     4 ||     4
       Scroll            |       |     3 ||     3
Armor: Robe              |     8 |     4 ||    12
       Skin              |       |     3 ||     3
Dodge: Dodged            |    17 |     7 ||    24
Block: Other             |     1 |     4 ||     5
